 Dungeon Crawl Stone Soup version 0.19-b1-3-g7dea586 (webtiles) character file.

866 Djon the Cleaver (level 7, -4/67 HPs)
             Began as a Deep Dwarf Fighter on Oct 28, 2016.
             Was an Initiate of Makhleb.
             Slain by an orc warrior
             ... wielding a +0 scimitar
              (17 damage)
             ... on level 6 of the Dungeon.
             The game lasted 00:11:14 (4614 turns).

Djon the Cleaver (Deep Dwarf Fighter)               Turns: 4614, Time: 00:11:15

Health: -4/67      AC: 12    Str: 25    XL:     7   Next: 72%
Magic:  7/7        EV:  5    Int: 10    God:    Makhleb [......]
Gold:   354        SH:  9    Dex: 12    Spells: 1 memorised, 5 levels left

rFire  . . .     SeeInvis .     a - +1 war axe
rCold  + . .     Gourm    .     j - +0 chain mail
rNeg   . . .     Faith    .     c - +0 shield
rPois  .         Spirit   .     p - +1 helmet
rElec  .         Reflect  .     (no cloak)
rCorr  .         Harm     .     (no gloves)
MR     ++...                    u - +0 pair of boots
Stlth  ..........               (no amulet)
                                y - ring of protection from magic
                                b - ring of protection from cold

@: mighty, non-regenerating, drained
A: damage resistance, recharge devices, sense surroundings 1, slow regeneration
3
a: Device Recharging, Renounce Religion


You were on level 6 of the Dungeon.
You worshipped Makhleb.
Makhleb was noncommittal.
You were hungry.

You visited 2 branches of the dungeon, and saw 7 of its levels.

You collected 354 gold pieces.

Inventory:

Hand Weapons
 a - a +1 war axe (weapon)
Missiles
 x - 8 javelins (quivered)
Armour
 c - a +0 shield (worn)
 j - a +0 chain mail (worn)
 p - a +1 helmet (worn)
 u - a +0 pair of boots (worn)
Jewellery
 b - a ring of protection from cold (left hand)
 y - a ring of protection from magic (right hand)
Wands
 e - a wand of heal wounds (0/9)
 n - a wand of digging (11/24)
 t - a wand of flame (7/48)
Scrolls
 h - 2 scrolls of blinking
 i - a scroll of enchant armour
 r - 2 scrolls of recharging
 E - a scroll of enchant weapon
Potions
 g - a potion of degeneration {unknown}
 m - 2 potions of curing
 o - a potion of lignification
 q - a potion of invisibility
 s - 3 potions of agility
 v - 2 potions of ambrosia
 B - a potion of flight {unknown}
 D - a potion of haste
Comestibles
 f - 6 bread rations
 k - a royal jelly
 l - a fruit
 w - 2 slices of pizza
 z - 2 chunks of flesh
 A - a beef jerky
 C - a meat ration


   Skills:
 + Level 5.2(5.1) Fighting
 * Level 8.2(8.1) Axes
 - Level 3.2(3.1) Armour
 - Level 3.2(3.1) Shields


You had 5 spell levels left.
You knew the following spells:

 Your Spells              Type           Power        Failure   Level  Hunger
a - Animate Skeleton      Necr           N/A          100%        1    ##.....


Dungeon Overview and Level Annotations

Branches:
Dungeon (6/15)             Temple (1/1) D:5

Altars:
Makhleb
Sif Muna
Vehumet


Innate Abilities, Weirdness & Mutations

You are resistant to damage.
You can recharge devices by infusing magical energy.
You passively map a small area around you.
You do not regenerate.


Message History

You closely miss the orc.
The orc is lightly wounded.
You slash the orc warrior!
The orc warrior hits you with a scimitar!
* * * LOW HITPOINT WARNING * * *
You are too injured to fight recklessly!
You are too injured to fight recklessly!
You hit the orc warrior.
The orc warrior is moderately wounded.
Your chain mail prevents you from hitting the orc warrior.
The orc warrior is moderately wounded.
You block the orc warrior's attack.
The orc warrior hits you but does no damage.
You barely miss the orc warrior.
The orc warrior is moderately wounded.
The orc warrior hits you with a scimitar.
You slash the orc warrior!
The orc warrior is severely wounded.
The orc warrior hits you with a scimitar!!
You die...

+ #...........# #+#
####.........^.#,,,
*, #....(...<.....#
#(#####'#+######, *
#.#...........# * *
#.###.#.......# *
#.###. #.........#
#.....######......#
* #oo@....#######
#o##.#### #. #.# *
#' #.# .) #.# * ..
#.# * ... +.. * .?.
###


You could see an orc warrior and 2 orcs.

Vanquished Creatures
  3 wights (D:6)
  A howler monkey (D:6)
  A crimson imp (D:6)
  A hound (D:4)
  3 orc priests
  A centaur skeleton (D:4)
  3 iguanas
  8 worker ants
  A killer bee zombie (D:6)
  Robin (D:2)
  9 adders
  An ooze (D:2)
  5 worms
  3 dart slugs
  2 leopard geckos
  13 orcs
  A ball python (D:3)
  8 bats
  4 giant cockroaches
  22 goblins
  8 hobgoblins
  9 jackals
  3 quokkas (D:3)
  4 frilled lizards
  7 kobolds
  10 rats
132 creatures vanquished.

Notes
Turn   | Place    | Note
-------+----------+-------------------------------------------
     0 | D:1      | Djon the Deep Dwarf Fighter began the quest for the Orb.
     0 | D:1      | Reached XP level 1. HP: 20/20 MP: 1/1
   165 | D:1      | Reached XP level 2. HP: 24/27 MP: 2/2
   184 | D:1      | Reached skill level 3 in Axes
   449 | D:1      | Reached XP level 3. HP: 23/34 MP: 3/3
   548 | D:2      | Noticed Robin
   570 | D:2      | Killed Robin
   570 | D:2      | Reached skill level 4 in Axes
   755 | D:2      | Reached XP level 4. HP: 28/42 MP: 4/4
  1054 | D:2      | Learned a level 1 spell: Animate Skeleton
  1574 | D:3      | Reached XP level 5. HP: 21/50 MP: 5/5
  1695 | D:3      | Reached skill level 5 in Axes
  2706 | D:4      | Reached XP level 6. HP: 46/57 MP: 6/6
  2816 | D:4      | Reached skill level 6 in Axes
  2851 | D:5      | Entered Level 5 of the Dungeon
  3088 | D:5      | Found a radiant altar of Vehumet.
  3380 | D:5      | Found a deep blue altar of Sif Muna.
  3546 | D:5      | Found a staircase to the Ecumenical Temple.
  3551 | Temple   | Entered the Ecumenical Temple
  3581 | Temple   | Became a worshipper of Makhleb the Destroyer
  3905 | D:4      | Reached skill level 7 in Axes
  3905 | D:4      | Reached XP level 7. HP: 23/66 MP: 7/7
  4445 | D:6      | Reached skill level 5 in Fighting
  4517 | D:6      | Reached skill level 8 in Axes
  4614 | D:6      | Slain by an orc warrior

Skill      XL: |  1  2  3  4  5  6  7 |
---------------+----------------------+-----
Axes           | 3 4 5 7 8 |  8.2
Fighting       | 3 4 5 |  5.2
Armour         | |  3.2
Shields        | |  3.2

Action                   |  1- 3 |  4- 6 |  7- 9 || total
-------------------------+-------+-------+-------++-------
Melee: War axe           |   141 |   458 |   107 ||   706
Evoke: Wand              |       |     7 |     7 ||    14
  Use: Scroll            |       |     4 |     8 ||    12
       Potion            |       |       |     1 ||     1
  Eat: Chunk             |       |     9 |     2 ||    11
       Beef jerky        |       |     1 |       ||     1
       Fruit             |       |     1 |       ||     1
Armor: Chain mail        |   100 |   288 |    67 ||   455
       Scale mail        |     4 |       |       ||     4
Dodge: Dodged            |    37 |   124 |    23 ||   184
Block: Shield            |   106 |   262 |    53 ||   421
